 Dungeon Crawl Stone Soup version 0.22.0-49-gab54619 (webtiles) character file.

198 Fang the Skirmisher (level 5, -1/51 HPs)
             Began as a Gargoyle Berserker on Sept 4, 2018.
             Was a Priest of Trog.
             Killed from afar by an orc wizard (4 damage)
             ... with a magic dart
             ... on level 3 of the Dungeon.
             The game lasted 00:02:55 (3662 turns).

Fang the Skirmisher (Gargoyle Berserker)            Turns: 3662, Time: 00:02:55

Health: -1/51      AC:  6    Str: 27    XL:     5   Next: 77%
Magic:  5/5        EV: 12    Int:  7    God:    Trog [***...]
Gold:   107        SH:  0    Dex:  9    Spells: 4/4 levels left

rFire    . . .     SeeInvis .   a - +0 hand axe
rCold    . . .     Gourm    .   (no shield)
rNeg     + . .     Faith    .   b - +0 animal skin
rPois    ∞         Spirit   .   (no helmet)
rElec    +         Reflect  .   (no cloak)
rCorr    .         Harm     .   (no gloves)
MR       .....                  (no boots)
Stlth    ..........             (no amulet)
HPRegen  0.17/turn              (no ring)
MPRegen  0.09/turn              (no ring)

@: berserking, very quick
A: negative energy resistance 1, electricity resistance, unbreathing,
petrification resistance, rot immunity, AC +4
a: Berserk, Trog's Hand, Renounce Religion


You were on level 3 of the Dungeon.
You worshipped Trog.
Trog was most pleased with you.
You were very hungry.

You visited 1 branch of the dungeon, and saw 3 of its levels.

You collected 107 gold pieces.

Inventory:

Hand Weapons
 a - a +0 hand axe (weapon)
Armour
 b - a +0 animal skin (worn)
Jewellery
 l - a cursed ring of fire {unknown}
Scrolls
 d - 4 scrolls of teleportation {unknown}
 e - 2 scrolls of remove curse {unknown}
 g - 2 scrolls of identify {unknown}
 h - 2 scrolls of blinking {unknown}
 k - a scroll of enchant armour {unknown}
 m - a scroll of enchant weapon {unknown}
Potions
 f - a potion of flight {unknown}
 i - a potion of curing {unknown}
 j - a potion of agility {unknown}
Comestibles
 c - 8 rations


   Skills:
 + Level 4.5 Fighting
 + Level 4.4 Axes
 + Level 2.3 Armour
 + Level 2.3 Dodging
 + Level 0.6 Stealth


You had 4 spell levels left.
You didn't know any spells.
Your spell library was empty.

Dungeon Overview and Level Annotations

Branches:
Dungeon (3/15)

Altars:


Innate Abilities, Weirdness & Mutations

You are resistant to torment.
Your stone body is resilient. (AC +4)
You are immune to poison.
You resist negative energy. (rN+)
You are resistant to electric shocks. (rElec)
You can survive without breathing.
You are immune to petrification.
You are immune to rotting.


Message History

* * * LOW HITPOINT WARNING * * *
Unknown command.
You slash the orc wizard!
The orc wizard is almost dead.
You hit the orc.
The orc priest begins to cast a cantrip, but forgets the words!
The orc drinks a potion.
The orc is healed!
Unknown command.
You barely miss the orc wizard.
The orc wizard is almost dead.
You hit the orc. The orc wizard hits you with a dagger.
* * * LOW HITPOINT WARNING * * *
Unknown command.
You barely miss the orc wizard.
The orc wizard is almost dead.
You barely miss the orc. The orc hits you with a dagger.
* * * LOW HITPOINT WARNING * * *
The orc wizard points at you and mumbles some strange words.
The magic dart hits you!
You die...

#.####.#...#
.#####.#....#...#
.............#...#
###............#.#
...............#.#
...............#
.........#)....# #
####.....#.#.###.###.#
#.....#@#.........#
#####.oo#####.#####
......oo....).#
####....#######
#...o.......
#.......(...
#..##....... ....
..o.... #.#.# ......o


You could see an orc priest, an orc wizard and 3 orcs.

Vanquished Creatures
  An orc priest (D:3)
  An orc wizard (D:2)
  Terence (D:2)
  A gnoll (D:1)
  2 adders (D:2)
  4 worms
  2 dart slugs
  4 orcs
  7 bats
  3 giant cockroaches
  9 goblins
  7 hobgoblins
  4 jackals (D:1)
  10 kobolds
  3 quokkas (D:2)
  8 frilled lizards
  9 rats
76 creatures vanquished.

Notes
Turn   | Place    | Note
-------+----------+-------------------------------------------
     0 | D:1      | Fang the Gargoyle Berserker began the quest for the Orb.
     0 | D:1      | Reached XP level 1. HP: 14/14 MP: 1/1
    17 | D:1      | Reached XP level 2. HP: 5/19 MP: 2/2
   419 | D:1      | Reached XP level 3. HP: 16/24 MP: 3/3
   791 | D:1      | Reached ** piety under Trog
  1330 | D:2      | Noticed Terence
  1341 | D:2      | Killed Terence
  1341 | D:2      | Reached XP level 4. HP: 12/29 MP: 4/4
  2493 | D:2      | Reached XP level 5. HP: 29/33 MP: 5/5
  2691 | D:2      | Reached *** piety under Trog
  3662 | D:3      | Killed from afar by an orc wizard

Skill      XL: |  1  2  3  4 |
---------------+-------------+-----
Axes           | 3 4 |  4.4
Fighting       | 4 |  4.5
Dodging        | 2 |  2.3
Armour         | |  2.3
Stealth        | |  0.6

Action                   |  1- 3 |  4- 6 || total
-------------------------+-------+-------++-------
Melee: Hand axe          |   104 |   174 ||   278
Invok: Berserk           |     3 |     1 ||     4
 Stab: Sleeping          |     1 |     1 ||     2
  Eat: Chunk             |     2 |     6 ||     8
       Ration            |       |     1 ||     1
Armor: Animal skin       |    47 |    65 ||   112
Dodge: Dodged            |    81 |   121 ||   202
